 Dungeon Crawl Stone Soup version 0.21.1-1-g345015f (webtiles) character file.

130 wojtek the Chopper (level 4, -1/39 HPs)
             Began as a Minotaur Fighter on July 28, 2018.
             Was an Initiate of Okawaru.
             Killed from afar by Sigmund (8 damage)
             ... with a magic dart
             ... on level 3 of the Dungeon.
             The game lasted 00:02:52 (3120 turns).

wojtek the Chopper (Minotaur Fighter)               Turns: 3120, Time: 00:02:52

Health: -1/39      AC:  6    Str: 21    XL:     4   Next: 89%
Magic:  4/4        EV:  7    Int:  5    God:    Okawaru [......]
Gold:   85         SH:  9    Dex: 10    Spells: 3/3 levels left

rFire    . . .     SeeInvis .   a - +0 war axe
rCold    . . .     Gourm    .   c - +0 shield
rNeg     . . .     Faith    +   b - +0 scale mail
rPois    .         Spirit   .   (helmet restricted)
rElec    .         Reflect  .   (no cloak)
rCorr    .         Harm     .   (no gloves)
MR       .....                  (no boots)
Stlth    ..........             j - amulet of faith
HPRegen  0.13/turn              (no ring)
MPRegen  0.09/turn              (no ring)

@: no status effects
A: retaliatory headbutt, horns 2
a: Renounce Religion


You were on level 3 of the Dungeon.
You worshipped Okawaru.
Okawaru was noncommittal.
You were not hungry.

You visited 1 branch of the dungeon, and saw 3 of its levels.

You collected 85 gold pieces.

Inventory:

Hand Weapons
 a - a +0 war axe (weapon)
Armour
 b - a +0 scale mail (worn)
 c - a +0 shield (worn)
Jewellery
 j - an amulet of faith (around neck)
Scrolls
 e - a scroll of identify {unknown}
Potions
 d - 2 potions of might
 g - a potion of heal wounds {unknown}
 h - a potion of degeneration {unknown}
 i - a potion of cancellation {unknown}
Books
 l - a book of Changes

   Spells                             Type                      Level
   a - Beastly Appendage              Transmutation                1
   b - Sticks to Snakes               Transmutation                2
   c - Spider Form                    Transmutation/Poison         3
   d - Ice Form                       Ice/Transmutation            4
   e - Blade Hands                    Transmutation                5
Comestibles
 f - 6 rations
 k - 5 chunks of flesh


   Skills:
 - Level 3.6 Fighting
 + Level 5.5 Axes
 - Level 3.6 Armour
 - Level 3.6 Shields
 + Level 2.0 Invocations


You had 3 spell levels left.
You didn't know any spells.

Dungeon Overview and Level Annotations

Branches:
Dungeon (3/15)

Altars:
Ashenzari
Okawaru

Annotations:
D:3 Sigmund


Innate Abilities, Weirdness & Mutations

You reflexively headbutt those who attack you in melee.
You have a pair of horns on your head.


Message History

Something hits you!
You feel less confused. Something hits you.
You miss something.
You hear a zap.
A puff of flame appears from out of thin air!
You block the puff of flame.
You barely miss something. Something hits you but does no damage.
Your shield and scale mail prevent you from hitting something.
Something hits you.
You hit something. Your headbutt misses something.
You hear a zap.
A puff of flame appears from out of thin air!
The puff of flame hits you!
* * * LOW HITPOINT WARNING * * *
You hit something.
You hear some strange, mumbled words.
A magic dart appears from out of thin air!
The magic dart hits you!
You die...

#......# #......#
#......#
#############
#......#
#............
#......#
#.##########.
#......####.### #.
+......+.....># #.
#.....@####.#.# #.
######### #......#
#.#.# #. ........#
#......####'#.# #.
........#
####..........# #.
.....##.#
#..........# #.
.....##.#
#..........# #.
...#.##.#
#..........########.
...#..#.#
#...................
...#..#.#
########+#.#########


There were no monsters in sight!

Vanquished Creatures
  2 gnolls (D:2)
  4 adders
  An ooze (D:3)
  4 dart slugs
  A leopard gecko (D:1)
  5 orcs (D:3)
  4 giant cockroaches
  5 hobgoblins
  A jackal (D:1)
  2 quokkas (D:2)
  A ball python (D:2)
  5 bats
  3 frilled lizards (D:2)
  7 goblins
  5 kobolds
  9 rats
59 creatures vanquished.

Notes
Turn   | Place    | Note
-------+----------+-------------------------------------------
     0 | D:1      | wojtek the Minotaur Fighter began the quest for the Orb.
     0 | D:1      | Reached XP level 1. HP: 19/19 MP: 0/0
    29 | D:1      | Reached skill level 3 in Axes
    77 | D:1      | Reached XP level 2. HP: 23/26 MP: 1/1
   334 | D:1      | Reached skill level 4 in Axes
   468 | D:1      | Reached XP level 3. HP: 31/31 MP: 2/2
   668 | D:2      | Found a shattered altar of Ashenzari.
   755 | D:2      | Found an iron altar of Okawaru.
   775 | D:2      | Became a worshipper of Warmaster Okawaru
  1355 | D:2      | Reached skill level 5 in Axes
  1608 | D:2      | Reached skill level 1 in Invocations
  1608 | D:2      | Reached XP level 4. HP: 19/39 MP: 3/3
  2265 | D:2      | Found an iron altar of Okawaru.
  2472 | D:2      | Found a shattered altar of Ashenzari.
  3108 | D:3      | Noticed Sigmund
  3120 | D:3      | Killed from afar by Sigmund

Skill      XL: |  1  2  3  4 |
---------------+-------------+-----
Axes           | 3 4 5 |  5.5
Invocations    | 1 2 |  2.0
Fighting       | |  3.6
Armour         | |  3.6
Shields        | |  3.6

Action                   |  1- 3 |  4- 6 || total
-------------------------+-------+-------++-------
Melee: War axe           |    98 |    29 ||   127
       Headbutt          |     7 |     4 ||    11
  Eat: Ration            |     1 |     1 ||     2
Armor: Scale mail        |    40 |     9 ||    49
Dodge: Dodged            |    31 |     6 ||    37
Block: Shield            |    58 |    15 ||    73
